 Dungeon Crawl Stone Soup version 0.20-a0-350-ga83eecc (webtiles) character file.

39 HarryHood the Skirmisher (level 3, 0/37 HPs)
             Began as a Gargoyle Fighter on Dec 24, 2016.
             Slain by a gnoll
             ... wielding a +0 spear
              (2 damage)
             ... on level 2 of the Dungeon.
             The game lasted 00:05:56 (1375 turns).

HarryHood the Skirmisher (Gargoyle Fighter)         Turns: 1375, Time: 00:05:57

Health: 0/37       AC: 11    Str: 24    XL:     3   Next: 45%
Magic:  3/3        EV:  7    Int:  8    God:
Gold:   72         SH:  9    Dex: 10    Spells: 2/2 levels left

rFire  . . .     SeeInvis .     a - +1 flail
rCold  . . .     Gourm    .     b - +0 scale mail
rNeg   + . .     Faith    .     c - +0 shield
rPois  ∞         Spirit   .     (no helmet)
rElec  +         Reflect  .     (no cloak)
rCorr  .         Harm     .     h - +0 pair of gloves
MR     .....                    (no boots)
Stlth  ..........               (no amulet)
                                (no ring)
                                (no ring)

@: berserking, very quick
A: negative energy resistance 1, electricity resistance, unbreathing,
petrification resistance, rot immunity, AC +3
a: no special abilities


You were on level 2 of the Dungeon.
You were not hungry.

You visited 1 branch of the dungeon, and saw 2 of its levels.

You collected 72 gold pieces.

Inventory:

Hand Weapons
 a - a +1 flail (weapon)
Armour
 b - a +0 scale mail (worn)
 c - a +0 shield (worn)
 h - a +0 pair of gloves (worn)
Scrolls
 i - 2 scrolls of identify {@r1}
 j - a scroll of blinking
 n - a scroll of remove curse {unknown}
Potions
 d - a potion of might
 e - 2 potions of invisibility
 l - a potion of cure mutation
 m - a potion of curing {unknown}
Comestibles
 f - a bread ration {@e1}
 k - 6 chunks of flesh


   Skills:
 * Level 4.8 Fighting
 - Level 2.0 Maces & Flails
 - Level 3.2 Armour
 - Level 3.2 Shields


You had 2 spell levels left.
You didn't know any spells.

Dungeon Overview and Level Annotations

Branches:
Dungeon (2/15)

Altars:


Innate Abilities, Weirdness & Mutations

You are resistant to torment.
Your stone body is resilient. (AC +3)
You are immune to poison.
You resist negative energy. (rN+)
You are resistant to electric shocks. (rElec)
You can survive without breathing.
You are immune to petrification.
You are immune to rotting.


Message History

The gnoll barely misses you. You block the gnoll's attack.
Sorry, you're not good enough to have a special ability.
Sorry, you're not good enough to have a special ability.
You closely miss the gnoll.
The gnoll is moderately wounded.
You block the gnoll's attack. The gnoll barely misses you. The gnoll hits you.
* * * LOW HITPOINT WARNING * * *
The gnoll hits you but does no damage. x2
A red film seems to cover your vision as you go berserk!
You feel yourself moving faster!
You feel mighty!
The gnoll hits you from afar with a spear.
* * * LOW HITPOINT WARNING * * *
You block the gnoll's attack. The gnoll hits you.
* * * LOW HITPOINT WARNING * * *
The gnoll hits you from afar with a spear.
* * * LOW HITPOINT WARNING * * *
Your shield and scale mail prevent you from hitting the gnoll.
The gnoll is moderately wounded.
The gnoll hits you from afar with a spear.
You die...

#.......# #....# .##
#.......####..###
...###.............#
#...#.......##....###
..##.........##.##...###
#............##.####..#.
#.gg....###.# #..#.
###g###..##.####....
#@g.##.......##...
###...............
######..........>.
........÷.....###..
######..#.....####.
..(.....).......
####.###....###.. #.
#....# ### #. #....#


You could see 4 gnolls.

Vanquished Creatures
  An adder (D:2)
  A dart slug (D:1)
  A ball python (D:2)
  5 bats
  A giant cockroach (D:1)
  3 hobgoblins
  3 jackals (D:1)
  2 quokkas (D:2)
  3 frilled lizards
  3 kobolds
  4 rats
27 creatures vanquished.

Notes
Turn   | Place    | Note
-------+----------+-------------------------------------------
     0 | D:1      | HarryHood the Gargoyle Fighter began the quest for the Orb.
     0 | D:1      | Reached XP level 1. HP: 14/14 MP: 1/1
   300 | D:1      | Reached XP level 2. HP: 20/20 MP: 2/2
   309 | D:1      | Reached skill level 4 in Fighting
  1136 | D:2      | Reached XP level 3. HP: 24/24 MP: 3/3
  1375 | D:2      | Slain by a gnoll

Vault maps used:
D:1:      zelgadis_glass_arrival_small
D:2:      minmay_misc_feat_ornament

Skill      XL: |  1  2 |
---------------+-------+-----
Fighting       | 4 |  4.8
Maces & Flails | |  2.0
Armour         | |  3.2
Shields        | |  3.2

Action                   || total
-------------------------++-------
Melee: Flail             ||    96
  Use: Scroll            ||     6
       Potion            ||     1
  Eat: Chunk             ||     2
Armor: Scale mail        ||    51
Dodge: Dodged            ||    44
Block: Shield            ||    61
